 Dungeon Crawl Stone Soup version 0.19.1 (webtiles) character file.

56007 Peloso the Carver (level 14, -16/113 HPs)
             Began as a Demonspawn Fighter on Dec 18, 2016.
             Was an Elder of Ashenzari.
             Demolished by an orc knight
             ... wielding a +2 great sword
              (33 damage)
             ... on level 2 of the Orcish Mines.
             The game lasted 01:33:16 (25597 turns).

Peloso the Carver (Demonspawn Fighter)             Turns: 25597, Time: 01:33:17

Health: -16/113    AC: 13    Str: 27      XL:     14   Next: 40%
Magic:  14/14      EV:  6    Int: 13 (14) God:    Ashenzari [****..]
Gold:   1008       SH: 19    Dex: 16      Spells: 0 memorised, 13 levels left

rFire  . . .     SeeInvis +     x - +5 falchion
rCold  + . .     Gourm    .     b - +2 plate armour of Negation {Str+3 Int+3 Stlth+} (curse)
rNeg   . . .     Faith    .     c - +0 shield
rPois  .         Spirit   .     G - +0 helmet (curse)
rElec  +         Reflect  +     q - +0 cloak
rCorr  .         Harm     .     r - +2 pair of gloves {Str+3}
MR     +....     Clarity  +     k - +2 pair of boots
Stlth  ..........               U - amulet "Fynuje" {Reflect +Blink rC+ SH+6} (curse)
                                t - +4 ring of dexterity
                                v - +1 ring of slaying

@: corroded, very slightly contaminated, hasted, heavily drained, invisible,
very quick
A: talons 2, thin metallic scales 3, demonic guardian 1, powered by death 2
a: Curse Item, Scrying, Renounce Religion, Evoke Blink


You were on level 2 of the Orcish Mines.
You worshipped Ashenzari.
Ashenzari was greatly pleased with you.
You were not hungry.

You visited 4 branches of the dungeon, and saw 21 of its levels.
You visited 1 bazaar.
You also visited: Ice Cave.

You collected 2631 gold pieces.
You spent 1623 gold pieces at shops.

Inventory:

Hand Weapons
 a - a +1 long sword
 d - the cursed +0 glaive "Diseihiq" {pain, Str+3 Int-5 SInv}
   (You found it on level 6 of the Lair of Beasts)

   In the hands of one skilled in necromantic magic, it inflicts extra damage on
   living creatures.
   It affects your strength (+3).
   It affects your intelligence (-5).
   It lets you see invisible.
   It has a curse placed upon it.
 j - a +0 whip of flaming
 w - a +0 scimitar of electrocution
 x - a +5 falchion (weapon)
Armour
 b - the cursed +2 plate armour of Negation (worn) {Str+3 Int+3 Stlth+}
   (You bought it in a shop on level 11 of the Dungeon)

   It affects your strength (+3).
   It affects your intelligence (+3).
   It makes you more stealthy.
   It has a curse placed upon it.
 c - a +0 shield (worn)
 k - a +2 pair of boots (worn)
 q - a +0 cloak (worn)
 r - a +2 pair of gloves of strength (worn)
 G - a cursed +0 helmet (worn)
Jewellery
 t - a +4 ring of dexterity (right hand)
 v - a +1 ring of slaying (left hand)
 U - the cursed amulet "Fynuje" (around neck) {Reflect +Blink rC+ SH+6}
   (You found it in an ice cave)

   [amulet of reflection]

   It shields you and reflects attacks.
   It protects you from cold.
   It lets you blink.
   It affects your SH (+6).
   It has a curse placed upon it.
 W - an uncursed ring of resist corrosion
Wands
 u - a wand of hasting (5/9)
 T - a wand of teleportation (4/9)
Scrolls
 l - a scroll of amnesia
 m - 2 scrolls of recharging
 B - a scroll of magic mapping
 E - 9 scrolls of remove curse
Potions
 n - a potion of resistance
 p - a potion of might
 z - 5 potions of heal wounds
 D - 4 potions of agility
 H - 7 potions of curing
 I - a potion of flight
 R - 2 potions of magic {unknown}
Comestibles
 f - 17 bread rations
 g - 14 fruits
 i - 8 meat rations
 C - 3 royal jellies
 J - 2 beef jerkies


   Skills:
 + Level 11.0(8.7) Fighting
 + Level 13.5(11.2) Long Blades
 + Level 2.5(0.7) Maces & Flails
 + Level 10.4(8.2) Armour
 + Level 2.1(0.4) Dodging
 + Level 3.2(1.4) Stealth
 + Level 12.4(10.1) Shields
 + Level 0.6(0.0) Evocations


You had 13 spell levels left.
You didn't know any spells.

Dungeon Overview and Level Annotations

Branches:
Dungeon (12/15)            Temple (1/1) D:6            Lair (6/6) D:10
  Swamp (0/4) Lair:2        Snake (0/4) Lair:4        Slime (0/5) Lair:5
    Orc (2/2) D:12            Elf (0/3) Orc:2

Altars:
Ashenzari
Cheibriados
Dithmenos
Elyvilon
Fedhas
Gozag
Hepliaklqana
Kikubaaqudgha
Makhleb
Nemelex Xobeh
Okawaru
Qazlal
Ru
Sif Muna
Uskayaw
Vehumet
Xom
Yredelemnul
Zin
The Shining One
Beogh
Jiyva

Shops:
D:7 (   D:9 ?   D:11 [=:[?   Orc:2 :==*!!


Innate Abilities, Weirdness & Mutations

You have razor-sharp toenails.
You are completely covered in thin metallic scales. (AC +4, rElec)
A weak demonic guardian rushes to your aid.
You regenerate health from kills.


Message History

The orc priest shouts!
The orc high priest prays to Beogh.
The orc priest moves out of view.
You hear a shout!
Found Ruapte's Distillery.
An orc warrior, an orc high priest and an orc knight come into view.
You feel yourself speed up. You block the orc warrior's attack.
You block the orc knight's attack. The neqoxec hits you.
* * * LOW HITPOINT WARNING * * *
The chaos spawn hits you.
* * * LOW HITPOINT WARNING * * *
You fade into invisibility!
You are very lightly contaminated with residual magic.
An orc wizard comes into view. It is wielding a dagger.
You feel much better.
The orc priest invokes the aid of Beogh against you.
Beogh smites you!
* * * LOW HITPOINT WARNING * * *
The orc knight hits you with an enchanted great sword!!
You die...

*
...####.####...##
* ** #.# ###..##
* {{{#.#{{,###..#
, #.# ..##4# {,,
, #.#.,,{oo#†#
,,,
*,,....o*#oooo#
*, *,
,.....o##oo## ,
,,, ...ooo#o3# {
, , ..o3ooo@o# {
**, , ....o##4.#
** ,...**{..## ∩,
**. * ,.∩## * * ,
∩## ** *## ###
##.## ###...##


You could see 3 orc knights, 3 orc high priests, a hellwing, a neqoxec, a
ynoxinul, a chaos spawn, 4 orc sorcerers, 5 orc warriors, 2 orc priests and 3
orc wizards.

Vanquished Creatures
  2 ice dragons (IceCv)
  Harold (D:10)
  A centaur warrior (D:12)
  3 hydras
  5 death yaks
  3 skeletal warriors (D:12)
  3 hill giants
  2 orc knights
  An orc sorcerer (Orc:2)
  A wolf spider (Lair:6)
  2 ugly things (D:11)
  3 cyclopes
  A guardian serpent (Lair:6)
  9 elephants
  6 black mambas
  2 ice statues (IceCv)
  A torpor snail (Lair:2)
  A centaur zombie (D:10)
  Psyche (D:8)
  A gargoyle (D:10)
  3 rime drakes
  12 spiny frogs
  4 komodo dragons
  2 ice devils (Lair:5)
  A troll (D:12)
  A polar bear (Lair:4)
  5 hornets
  A two-headed ogre (D:8)
  7 dream sheep
  4 blink frogs
  6 hippogriffs
  A redback (Lair:6)
  Sigmund (D:3)
  46 yaks
  A spriggan (D:8)
  6 wyverns
  2 shadows
  A basilisk (Lair:3)
  A hungry ghost (D:11)
  2 vampire mosquitoes (D:12)
  A soldier ant (D:12)
  17 water moccasins
  2 wargs (Orc:2)
  A naga (Lair:4)
  2 hell hounds (D:10)
  2 sky beasts
  11 orc warriors
  9 porcupines
  13 ice beasts
  3 slaves (D:8)
  An eye of draining (D:10)
  6 ogres
  2 phantoms
  6 wolves
  7 centaurs
  6 crocodiles
  2 big kobolds (D:8)
  12 bullfrogs
  5 scorpions
  Dowan (D:7)
  10 killer bees
  3 wights (D:12)
  4 howler monkeys
  6 crimson imps
  3 quasits
  2 jellies
  12 orc priests
  Crazy Yiuf (D:2)
  5 hounds
  10 orc wizards
  A bullfrog skeleton (D:9)
  6 iguanas
  12 worker ants
  A worker ant zombie (D:11)
  8 gnolls
  15 adders
  A river rat (Lair:6)
  5 shadow imps
  4 oozes
  3 adder skeletons
  3 worms
  A dart slug (D:1)
  8 leopard geckos
  66 orcs
  3 ball pythons
  4 giant cockroaches
  15 goblins
  11 hobgoblins
  7 jackals (D:4)
  19 kobolds
  2 quokkas
  4 bats
  3 frilled lizards
  A goblin skeleton (D:4)
  2 kobold skeletons (D:4)
  A leopard gecko zombie (D:6)
  2 orc skeletons (D:4)
  3 orc zombies (D:4)
  4 quokka skeletons
  A quokka zombie (D:9)
  7 rats
  2 fungi
546 creatures vanquished.

Vanquished Creatures (collateral kills)
  Gastronok (D:8)
  2 hydras
  Pikel (D:8)
  A hill giant (D:10)
  A cyclops (D:11)
  A black mamba (Lair:6)
  A rime drake (Lair:1)
  A blink frog (Lair:5)
  2 dream sheep (Lair:6)
  2 hippogriffs
  A yak (D:11)
  A steam dragon (D:8)
  A vampire mosquito (D:12)
  A water moccasin (Lair:6)
  2 ice beasts (IceCv)
  2 ogres
  3 orc wizards
  An orc priest (Orc:1)
  A jelly (D:8)
  An iguana (D:8)
  A worker ant (Lair:6)
  4 orcs
32 creatures vanquished.

Vanquished Creatures (others)
  An orc warrior (Orc:2)
  An orc wizard (Orc:2)
  An orc (D:8)
  31 fungi
  30 plants
64 creatures vanquished.

Grand Total: 642 creatures vanquished

Notes
Turn   | Place    | Note
-------+----------+-------------------------------------------
     0 | D:1      | Peloso the Demonspawn Fighter began the quest for the Orb.
     0 | D:1      | Reached XP level 1. HP: 18/18 MP: 1/1
    93 | D:1      | Gained mutation: You have sharp toenails. [demonic ancestry]
    93 | D:1      | Reached XP level 2. HP: 22/24 MP: 2/2
   218 | D:1      | Reached skill level 2 in Long Blades
   737 | D:1      | Reached XP level 3. HP: 26/29 MP: 3/3
  1250 | D:2      | Found a runed door.
  1254 | D:2      | Noticed Crazy Yiuf
  1265 | D:2      | Killed Crazy Yiuf
  1265 | D:2      | Gained mutation: You regenerate a little health from kills. [demonic ancestry]
  1265 | D:2      | Reached XP level 4. HP: 17/36 MP: 4/4
  1517 | D:3      | Noticed Sigmund
  1565 | D:3      | Found a hazy altar of Hepliaklqana.
  1574 | D:3      | Killed Sigmund
  1574 | D:3      | Reached skill level 3 in Long Blades
  1574 | D:3      | Reached XP level 5. HP: 28/42 MP: 5/5
  1580 | D:3      | Found a stormy altar of Qazlal.
  1755 | D:3      | Found an ancient bone altar of Kikubaaqudgha.
  1833 | D:3      | Gained mutation: You regenerate health from kills. [demonic ancestry]
  1833 | D:3      | Reached XP level 6. HP: 20/48 MP: 6/6
  1886 | D:2      | Reached skill level 4 in Long Blades
  2259 | D:4      | Found a glowing golden altar of the Shining One.
  2877 | D:4      | Gained mutation: A weak demonic guardian rushes to your aid. [demonic ancestry]
  2877 | D:4      | Reached XP level 7. HP: 55/55 MP: 7/7
  3088 | D:5      | Entered Level 5 of the Dungeon
  3371 | D:5      | Reached skill level 5 in Long Blades
  3731 | D:5      | Found a basalt altar of Yredelemnul.
  3835 | D:5      | Found a faded altar of an unknown god.
  3835 | D:5      | Found a hide-covered altar of Uskayaw.
  3840 | D:5      | Found a faded altar of an unknown god.
  3842 | D:5      | Found an iron altar of Okawaru.
  3843 | D:5      | Found a faded altar of an unknown god.
  4211 | D:6      | Reached skill level 6 in Long Blades
  4211 | D:6      | Reached XP level 8. HP: 50/61 MP: 8/8
  4336 | D:6      | Found a staircase to the Ecumenical Temple.
  4378 | Temple   | Entered the Ecumenical Temple
  4386 | Temple   | Became a worshipper of Ashenzari the Shackled
  4417 | D:6      | Found a deep blue altar of Sif Muna.
  4458 | D:6      | Found a white marble altar of Elyvilon.
  4759 | D:6      | Reached skill level 1 in Dodging
  4764 | D:6      | Reached skill level 5 in Fighting
  5420 | D:7      | Found an opulent altar of Gozag.
  5421 | D:7      | Found a glowing silver altar of Zin.
  5435 | D:7      | Found Zoenaapn's Antique Weapon Shoppe.
  5472 | D:7      | Reached skill level 5 in Shields
  5648 | D:7      | Reached skill level 7 in Long Blades
  5665 | D:7      | Reached * piety under Ashenzari
  5697 | D:7      | Reached skill level 5 in Armour
  6377 | D:7      | Noticed Dowan
  6387 | D:7      | Killed Dowan
  6930 | D:8      | Noticed Pikel
  7000 | D:8      | Noticed Gastronok
  7353 | D:8      | Killed Gastronok
  7353 | D:8      | Reached skill level 8 in Long Blades
  7353 | D:8      | Reached skill level 1 in Stealth
  7353 | D:8      | Reached XP level 9. HP: 50/71 MP: 9/9
  7552 | D:8      | Found a sacrificial altar of Ru.
  7686 | D:8      | Gained mutation: You are partially covered in thin metallic scales. (AC +2) [demonic ancestry]
  7686 | D:8      | Reached XP level 10. HP: 73/77 MP: 10/10
  7730 | D:8      | Killed Pikel
  7779 | D:8      | Reached ** piety under Ashenzari
  7938 | D:8      | Noticed Psyche
  7948 | D:8      | Killed Psyche
  7948 | D:8      | Reached skill level 9 in Long Blades
  9060 | D:9      | Found a burning altar of Makhleb.
  9106 | D:9      | Found Feero's Magic Scroll Shop.
  9118 | D:9      | Bought a scroll of enchant armour for 90 gold pieces
  9426 | D:9      | Paralysed by a hornet for 3 turns
  9674 | D:9      | Found a snail-covered altar of Cheibriados.
  9822 | D:10     | Entered Level 10 of the Dungeon
  9822 | D:10     | Noticed a hill giant
  9837 | D:10     | Killed a hill giant
  9837 | D:10     | Reached skill level 10 in Long Blades
 10238 | D:10     | Found a staircase to the Lair.
 10297 | D:10     | Noticed Harold
 10319 | D:10     | Killed Harold
 10319 | D:10     | Gained mutation: You are mostly covered in thin metallic scales. (AC +3) [demonic ancestry]
 10319 | D:10     | Reached XP level 11. HP: 24/84 MP: 11/11
 11206 | D:10     | Noticed a hill giant
 11225 | D:10     | Killed a hill giant
 11572 | D:11     | Noticed a purple ugly thing
 11594 | D:11     | Killed a purple ugly thing
 12130 | D:11     | Found Nakka's Magic Scroll Shop.
 12185 | D:11     | Found Ythrumm's Antique Armour Shop.
 12230 | D:11     | Found Fiheocw's Jewellery Shoppe.
 12285 | D:11     | Reached skill level 11 in Long Blades
 12354 | D:11     | Found Doseihud's Book Shoppe.
 12354 | D:11     | Noticed a hill giant
 12363 | D:11     | Killed a hill giant
 12432 | D:11     | Noticed a brown ugly thing
 12446 | D:11     | Killed a brown ugly thing
 12636 | D:11     | Found a stormy altar of Qazlal.
 12672 | D:11     | Found Oluetzur's Armour Shop.
 13002 | D:12     | Noticed a skeletal warrior
 13002 | D:12     | Noticed a skeletal warrior
 13002 | D:12     | Noticed a skeletal warrior
 13043 | D:12     | Killed a skeletal warrior
 13310 | Lair:1   | Entered Level 1 of the Lair of Beasts
 13447 | Lair:1   | Reached *** piety under Ashenzari
 13460 | Lair:1   | Noticed a four-headed hydra
 13809 | D:11     | Noticed a four-headed hydra
 13821 | D:11     | Killed a four-headed hydra
 13821 | D:11     | Gained mutation: You are completely covered in thin metallic scales. (AC +4, rElec) [demonic ancestry]
 13821 | D:11     | Reached XP level 12. HP: 46/94 MP: 12/12
 13829 | D:11     | Bought a +2 pair of gloves of strength for 258 gold pieces
 14035 | D:10     | Killed a four-headed hydra
 14035 | D:10     | Reached skill level 1 in Maces & Flails
 14724 | Lair:2   | Found a staircase to the Swamp.
 15220 | Lair:2   | Reached skill level 10 in Shields
 15410 | Lair:2   | Reached skill level 12 in Long Blades
 16491 | D:12     | Noticed a centaur warrior
 16491 | D:12     | Found a staircase to the Orcish Mines.
 16509 | D:12     | Killed a centaur warrior
 16549 | D:12     | Found a roughly hewn altar of Beogh.
 16834 | D:12     | Reached **** piety under Ashenzari
 17144 | D:12     | Reached XP level 13. HP: 93/102 MP: 13/13
 17163 | Orc:1    | Entered Level 1 of the Orcish Mines
 17656 | D:11     | Bought a faintly humming plate armour for 868 gold pieces
 17666 | D:11     | Identified the +2 plate armour of Negation {Str+3 Int+3 Stlth+} (You bought it in a shop on level 11 of the Dungeon)
 19001 | Lair:4   | Found a staircase to the Snake Pit.
 19372 | Lair:5   | Found a viscous altar of Jiyva.
 19398 | Lair:5   | Reached skill level 10 in Fighting
 19449 | Lair:5   | Found a frozen archway.
 19636 | IceCv    | Entered an ice cave
 20084 | IceCv    | Identified the amulet "Fynuje" {Reflect +Blink rC+ SH+6}
 20477 | Lair:5   | Found a staircase to the Slime Pits.
 21120 | Lair:6   | Entered Level 6 of the Lair of Beasts
 21185 | Lair:5   | Reached skill level 13 in Long Blades
 22302 | Lair:5   | Reached skill level 10 in Armour
 22433 | Lair:6   | Got the cursed glaive "Diseihiq" {pain, Str+3 Int-5 SInv}
 22551 | Lair:6   | Gained mutation: You have razor-sharp toenails. [demonic ancestry]
 22551 | Lair:6   | Reached XP level 14. HP: 111/111 MP: 14/14
 23375 | Lair:6   | Paralysed by a hornet for 1 turns
 24187 | D:12     | Identified the +2 robe of the Everdark {Str+2}
 24271 | Orc:2    | Entered Level 2 of the Orcish Mines
 24271 | Orc:2    | Found a staircase to the Elven Halls.
 24271 | Orc:2    | Found a flickering gateway to a bazaar.
 24290 | Bazaar   | Entered a bazaar
 24303 | Bazaar   | Found Lokasoj's Armour Shoppe.
 24303 | Bazaar   | Found Ruzek's Weapon Shoppe.
 24338 | Bazaar   | Found Etamomn's Distillery.
 24338 | Bazaar   | Found Kiuf's Distillery.
 24356 | Bazaar   | Bought a potion of heal wounds for 35 gold pieces
 24356 | Bazaar   | Bought a potion of heal wounds for 35 gold pieces
 24356 | Bazaar   | Bought a potion of heal wounds for 35 gold pieces
 24410 | Bazaar   | Bought a potion of curing for 30 gold pieces
 24422 | Bazaar   | Bought a potion of beneficial mutation for 245 gold pieces
 24424 | Bazaar   | Gained mutation: You have a pair of small horns on your head. [potion of beneficial mutation]
 24563 | Orc:2    | Found Biem's Assorted Antiques.
 24570 | Orc:2    | Bought a scroll labeled GAESAE ZUAHOPI for 27 gold pieces
 24594 | Orc:2    | Found Siulimec's Jewellery Shop.
 24746 | Lair:1   | Lost mutation: You have a pair of small horns on your head. [potion of cure mutation]
 24996 | Orc:2    | Found Legetzai's Book Emporium.
 25104 | Orc:2    | Found Koroisuett's Jewellery Shop.
 25548 | Orc:2    | Found Ustrogg's Distillery.
 25564 | Orc:2    | Paralysed by an orc sorcerer for 2 turns
 25595 | Orc:2    | Found Ruapte's Distillery.
 25597 | Orc:2    | Demolished by an orc knight

Skill      XL: |  1  2  3  4  5  6  7  8  9 10 11 12 13 14 |
---------------+-------------------------------------------+-----
Long Blades    | 2 3 4 6 8 10 11 12 13 | 13.5
Armour         | 3 4 6 7 8 9 10 | 10.4
Shields        | 3 4 6 7 9 10 11 12 | 12.4
Fighting       | 4 6 7 8 9 10 11 | 11.0
Dodging        | 1 2 |  2.1
Stealth        | 1 2 3 |  3.2
Maces & Flails | 1 2 |  2.5
Evocations     | |  0.6

Action                   |  1- 3 |  4- 6 |  7- 9 | 10-12 | 13-15 || total
-------------------------+-------+-------+-------+-------+-------++-------
Melee: Long sword        |   100 |   226 |   427 |  1271 |       ||  2024
       Kick              |    25 |    81 |   173 |   383 |       ||   662
       Whip              |       |       |       |    14 |    33 ||    47
       Scimitar          |       |       |       |    34 |   676 ||   710
       Falchion          |       |       |       |       |   223 ||   223
       Headbutt          |       |       |       |       |    11 ||    11
Invok: Curse Item        |       |       |       |       |     2 ||     2
Evoke: Wand              |       |       |       |     4 |       ||     4
  Use: Scroll            |       |       |     8 |    16 |     7 ||    31
       Potion            |       |       |     1 |     4 |     8 ||    13
 Stab: Distracted        |       |       |     2 |     7 |     4 ||    13
  Eat: Chunk             |     1 |     6 |    13 |    35 |    25 ||    80
       Pizza             |       |       |     1 |     1 |     1 ||     3
       Beef jerky        |       |       |     1 |       |     1 ||     2
Armor: Scale mail        |    35 |    24 |       |       |       ||    59
       Plate armour      |       |   124 |   259 |   681 |   424 ||  1488
Dodge: Dodged            |    26 |    48 |    59 |   248 |   193 ||   574
Block: Shield            |    38 |   130 |   248 |   690 |   828 ||  1934
       Reflection        |       |       |       |       |     4 ||     4
       Rpst.: Long sword |     9 |    14 |    14 |    67 |       ||   104
       Scimitar          |       |       |       |     1 |    41 ||    42
       Falchion          |       |       |       |       |     6 ||     6
